 Dungeon Sprint DCSS version 0.28-a0-71-g84acfa7270 (webtiles) character file.

Game seed: 312461928562921351

4 Zeldest the Insei (level 1, -3/9 HPs)
             Began as a Vine Stalker Transmuter on Aug 2, 2021.
             Splashed by a jelly's acid (4 damage)
             ... in the Dungeon (Sprint IX: "|||||||||||||||||||||||||||||").
             The game lasted 00:00:10 (21 turns).

Zeldest the Insei (Vine Stalker Transmuter)           Turns: 21, Time: 00:00:11

Health: -3/9       AC: -2    Str: 12    XL:     1   Next: 70%
Magic:  0/4        EV: 12    Int: 13    God:
Gold:   0          SH:  0    Dex: 14    Spells: 3/4 levels left

rFire   . . .      SeeInvis .     - Unarmed
rCold   . . .      Faith    .   (no shield)
rNeg    . . .      Spirit   +   a - +0 robe
rPois   .          Reflect  .   (no helmet)
rElec   .          Harm     .   (no cloak)
rCorr   .          Rampage  .   (no gloves)
Will    .....      NoTele   +   (no boots)
Stlth   +.........              (no amulet)
HPRegen 0.03/turn               (no ring)
MPRegen 0.09/turn               (no ring)

@: corroded, hasted, very quick
A: fangs 2, magic shield, antimagic bite, no potion heal 2
a: no special abilities


You were in the Dungeon.
You visited 1 branch

Inventory:

Armour
 a - a +0 robe (worn)
Scrolls
 f - a scroll of blinking
Potions
 b - a potion of curing
 d - 2 potions of magic
 e - a potion of berserk rage


   Skills:
 - Level 0.8 Fighting
 - Level 1.5 Dodging
 + Level 4.5 Unarmed Combat
 - Level 2.1 Spellcasting
 - Level 2.0 Transmutations


You had 3 spell levels left.
You knew the following spells:

 Your Spells              Type           Power      Damage    Failure   Level
a - Beastly Appendage     Tmut           12%        N/A       11%         1

Your spell library contained the following spells:

 Spells                   Type           Power      Damage    Failure   Level
 Wereblood                Tmut           6%         N/A       17%         2
 Spider Form              Tmut/Pois      2%         N/A       45%         3
 Ice Form                 Ice/Tmut       4%         N/A       86%         4


Dungeon Overview and Level Annotations

Branches:
Dungeon (1/1)

Altars:


Innate Abilities, Weirdness & Mutations

You have extremely sharp teeth.
When hurt, damage is shared between your health and your magic reserves.
Your bite disrupts and absorbs the magic of your enemies.
Potions cannot restore your health.


Message History

A bat, a rat, a quokka, an endoplasm and a kobold come into view.
There is an open door to the Dungeon here.
The helpless rat fails to defend itself.
You hit the rat. Your bite misses the rat.
The rat is severely wounded.
The endoplasm quivers.
The rat misses you.
You hit the rat.
You kill the rat!
The kobold shouts!
You hit the quokka.
You kill the quokka!
The endoplasm hits you.
You see here a quokka corpse.
You hit the endoplasm. You headbutt the endoplasm.
You kill the endoplasm!
Your Unarmed Combat skill increases to level 4!
You barely miss the kobold. Your bite misses the kobold.
Your transformation is almost over.
The kobold hits you but does no damage.
You hit the kobold.
You kill the kobold!
The bat completely misses you. The bat barely misses you.
The bat closely misses you.
Things that are here:
a +0 short sword; a stone; a kobold corpse The bat misses you.
You closely miss the bat. The bat hits you.
You hit the bat. Your kick misses the bat. You bite the bat.
You kill the bat!
You open the door.
An adder, a jelly, a scorpion, a necrophage and a zombie come into view.
Your horns disappear.
Your talons disappear.
The jelly quivers.
You feel yourself speed up.
The adder hisses angrily.
The jelly hits you. The acid corrodes you!
You are splashed with acid!
* * * LOW HITPOINT WARNING * * *
You hit the jelly but do no damage. The acid corrodes you!
Your hands burn!
You die...

▓+▓
▓S▓
▓n▓
▓.▓
▓s▓
▓Z▓
▓J▓
▓@▓
▓.▓
▓.▓
▓)▓
▓†▓
▓'▓
▓.▓
▓.▓
▓.▓


You could see a necrophage, a scorpion, a jelly, an adder and a bat zombie.

Vanquished Creatures
  An endoplasm (D)
  A quokka (D)
  A bat (D)
  A kobold (D)
  A rat (D)
5 creatures vanquished.

Notes
Turn   | Place    | Note
-------+----------+-------------------------------------------
     0 | D        | Zeldest the Vine Stalker Transmuter began the quest for the
                  | Orb.
     0 | D        | Reached XP level 1. HP: 9/9 MP: 4/4
    11 | D        | Reached skill level 4 in Unarmed Combat
    19 | D        | Noticed a necrophage
    19 | D        | Noticed a scorpion
    19 | D        | Noticed a jelly
    21 | D        | Splashed by a jelly's acid

Illustrated notes

Levels and vault maps discovered:
D:        linesprint [early_d, line_temple, items_1, d_10, items_2, lair_1,
          lair_end, items_3, orc_1, orc_end, items_4, d_15, swamp_1, shoals_1,
          snake_1, spider_1, d_20, vaults_1, items_5, swamp_end, shoals_end,
          snake_end, spider_end, vaults_end, d_27, items_6, zot_1, zot_end,
          crypt_end, forest_end, elf_end, slime_end, tomb_end, abyss_end,
          pan_hell_end]

Skill      XL: |  1 |
---------------+----+-----
Unarmed Combat | 4 |  4.5
Fighting       | |  0.8
Dodging        | |  1.5
Spellcasting   | |  2.1
Transmutations | |  2.0

Action                   || total
-------------------------++-------
Melee: Unarmed           ||     9
       Headbutt          ||     1
       Bite              ||     1
 Cast: Beastly Appendage ||     1
  Use: Potion            ||     1
 Stab: Sleeping          ||     1
Armor: Robe              ||     1
Dodge: Dodged            ||     5

Table legend: (Time is in decaauts)
 A = Elapsed time spent in this place.
 B = Non-inter-level travel time spent in this place.
 C = Inter-level travel time spent in this place.
 D = Time resting spent in this place.
 E = Time spent auto-exploring this place.
 F = Levels seen in this place.
 G = Mean time per level.
                   A        B        C        D        E       F      G
               +--------+--------+--------+--------+--------+-----+--------+
         Total |     20 |     20 |      0 |      0 |      0 |   1 |   20.0 |
       Dungeon |     20 |     20 |      0 |      0 |      0 |   1 |   20.0 |
               +--------+--------+--------+--------+--------+-----+--------+

Top non-repeatable levels by time:
       D: 20 daAuts
